TOP OF THE 1ST |
San Jose Giants batting - Pitching for Colorado (EL) Rockies : RHP Jalen Young
|
Pitching: RHP Jalen Young
|
|
Batting: RHB Edwin Verdugo
|
0-0: Called Strike 0-1: Hit by Pitch
|
Batting: RHB Frank Pena
|
0-0: Ball Edwin Verdugo steals 2nd, throwing error, E2 Edwin Verdugo to third 1-0: Ball 2-0: Called Strike 2-1: Ball 3-1: Base on Balls
|
Batting: LHB Mike Roberts
|
0-0: Ball Frank Pena steals 2nd base 1-0: Foul Ball, location: 2F 1-1: Ball 2-1: Foul Ball, location: 2F 2-2: Foul Ball, location: 2F 2-2: Ball Wild Pitch! Edwin Verdugo scores Frank Pena to third 3-2: Base on Balls
|
Batting: LHB Steve Nevis
|
0-0: Ball 1-0: Ball 2-0: Called Strike 2-1: SINGLE (Line Drive, 7LS, EV 110.0 MPH) Frank Pena scores Mike Roberts to second
|
Batting: RHB Coen Dirks
|
0-0: Foul Ball, location: 2F 0-1: Ball 1-1: Fielders Choice at 2nd, 6-4 (Groundball, 56, EV 86.9 MPH) Mike Roberts to third
|
Batting: LHB Gil Caraveo
|
0-0: Ball 1-0: Ball 2-0: Foul Ball, location: 2F 2-1: Ball 3-1: Base on Balls Coen Dirks to second
|
Batting: RHB Tony Harper
|
0-0: Ball 1-0: Foul Ball, location: 2F 1-1: SINGLE (Line Drive, 9S, EV 110.6 MPH) Mike Roberts scores Coen Dirks to third Gil Caraveo to second Runner from 3rd tries for Home, SAFE, throw by RF to home
|
Batting: RHB Josh Truell
|
0-0: Ball 1-0: Ball 2-0: Swinging Strike 2-1: Ball 3-1: Called Strike 3-2: Strikes out swinging
|
Batting: RHB Bob Schweiger
|
0-0: Foul Ball, location: 2F 0-1: Foul Ball, location: 2F 0-2: SINGLE (Groundball, 4MD, EV 94.4 MPH) Gil Caraveo to third Tony Harper to second Runner from 3rd tries for Home, SAFE, throw by CF to home
|
Pitching: RHP Michael Conrad
|
|
Batting: RHB Edwin Verdugo
|
0-0: Called Strike 0-1: Ball 1-1: Ball 2-1: SINGLE (Line Drive, 4MD, EV 96.9 MPH) Tony Harper to third Bob Schweiger to second Runner from 3rd tries for Home, SAFE, throw by CF to home
|
Batting: RHB Frank Pena
|
0-0: Called Strike 0-1: Ball 1-1: Ball Wild Pitch! Bob Schweiger to third Edwin Verdugo to second 2-1: Called Strike 2-2: Ball 3-2: Foul Ball, location: 2F 3-2: SINGLE (Flyball, 34D, EV 88.8 MPH) Bob Schweiger scores Edwin Verdugo to third Runner from 3rd tries for Home, SAFE, throw by RF to home
|
Batting: LHB Mike Roberts
|
0-0: Ball 1-0: Ball 2-0: Ball 3-0: Called Strike 3-1: SINGLE (Line Drive, 78S, EV 103.8 MPH) Frank Pena to second
|
Batting: LHB Steve Nevis
|
0-0: Swinging Strike 0-1: Ball 1-1: Foul Ball, location: 2F 1-2: Foul Ball, location: 2F 1-2: Ball 2-2: Foul Ball, location: 2F 2-2: Ball 3-2: Strikes out swinging
|
Top of the 1st over - 8 runs, 6 hits, 1 error, 2 left on base; San Jose 8 - Colorado (EL) 0 |
BOTTOM OF THE 1ST |
Colorado (EL) Rockies batting - Pitching for San Jose Giants : RHP Brian Yinger
|
Pitching: RHP Brian Yinger
|
|
Batting: LHB Nick Martin
|
0-0: Called Strike 0-1: Foul Ball, location: 2F 0-2: Ball 1-2: Ball 2-2: Strikes out swinging
|
Batting: RHB Chris Osting
|
0-0: Ground out 5-3 (Groundball, 56D, EV 76.2 MPH)
|
Batting: SHB Jeff Sorrels
|
0-0: Called Strike 0-1: Ground out 4-3 (Groundball, 34D, EV 103.1 MPH)
|
Bottom of the 1st over - 0 runs, 0 hits, 0 errors, 0 left on base; San Jose 8 - Colorado (EL) 0 |
TOP OF THE 2ND |
San Jose Giants batting - Pitching for Colorado (EL) Rockies : RHP Michael Conrad
|
Batting: RHB Coen Dirks
|
0-0: Ball 1-0: Called Strike 1-1: Foul Ball, location: 2F 1-2: Ground out 5-3 (Groundball, 56, EV 88.8 MPH)
|
Batting: LHB Gil Caraveo
|
0-0: Foul Ball, location: 2F 0-1: Foul Ball, location: 2F 0-2: Strikes out swinging
|
Batting: RHB Tony Harper
|
0-0: Called Strike 0-1: Called Strike 0-2: Ball 1-2: Ground out 5-3 (Groundball, 56, EV 78.8 MPH)
|
Top of the 2nd over - 0 runs, 0 hits, 0 errors, 0 left on base; San Jose 8 - Colorado (EL) 0 |
BOTTOM OF THE 2ND |
Colorado (EL) Rockies batting - Pitching for San Jose Giants : RHP Brian Yinger
|
Batting: RHB T.J. Williams
|
0-0: Foul Ball, location: 2F 0-1: SOLO HOME RUN (Flyball, 9D, EV 93.8 MPH), Distance : 358 ft
|
Batting: RHB Matviy Oliynyk
|
0-0: Ball 1-0: Swinging Strike 1-1: DOUBLE (Groundball, 5L, EV 102.5 MPH)
|
Batting: LHB Daniel Green
|
0-0: Ground out 2-3 (Groundball, 15S, EV 65.0 MPH) Matviy Oliynyk to third
|
Batting: LHB Harry Folsom
|
0-0: Ball 1-0: Swinging Strike 1-1: Ball 2-1: SINGLE (Groundball, 34D, EV 94.4 MPH) Matviy Oliynyk scores
|
Batting: RHB Willie Benito
|
0-0: Ball 1-0: Ball Wild Pitch! Harry Folsom to second 2-0: Fly out, F8 (Flyball, 8LD, EV 85.0 MPH)
|
Batting: RHB Yamashita Yagi
|
0-0: SINGLE (Groundball, 6D, EV 106.2 MPH) Harry Folsom to third Runner from 3rd tries for Home, throw by CF and OUT! 8-2
|
Bottom of the 2nd over - 2 runs, 4 hits, 0 errors, 1 left on base; San Jose 8 - Colorado (EL) 2 |
TOP OF THE 3RD |
San Jose Giants batting - Pitching for Colorado (EL) Rockies : RHP Michael Conrad
|
Batting: RHB Josh Truell
|
0-0: Foul Ball, location: 2F 0-1: Ball 1-1: Called Strike 1-2: Ball 2-2: Ball 3-2: Strikes out swinging
|
Batting: RHB Bob Schweiger
|
0-0: Called Strike 0-1: Ball 1-1: Foul Ball, location: 2F 1-2: SINGLE (Line Drive, 6M, EV 96.9 MPH)
|
Batting: RHB Edwin Verdugo
|
0-0: Called Strike 0-1: Ball 1-1: SINGLE (Line Drive, 8RS, EV 106.2 MPH) Bob Schweiger to second
|
Batting: RHB Frank Pena
|
0-0: Swinging Strike 0-1: Ball 1-1: Foul Ball, location: 2F 1-2: Ball 2-2: Ball 3-2: SINGLE (Line Drive, 4M, EV 94.4 MPH) Bob Schweiger to third Edwin Verdugo to second
|
Batting: LHB Mike Roberts
|
0-0: Swinging Strike 0-1: Foul Ball, location: 2F 0-2: Ball 1-2: Ball 2-2: Strikes out swinging
|
Batting: LHB Steve Nevis
|
0-0: SINGLE (Groundball, 4MD, EV 105.0 MPH) Bob Schweiger scores Edwin Verdugo to third Frank Pena to second Runner from 3rd tries for Home, SAFE, throw by CF to home
|
Batting: RHB Coen Dirks
|
0-0: Fly out, F9 (Flyball, 89S, EV 83.8 MPH)
|
Top of the 3rd over - 2 runs, 4 hits, 0 errors, 2 left on base; San Jose 10 - Colorado (EL) 2 |
BOTTOM OF THE 3RD |
Colorado (EL) Rockies batting - Pitching for San Jose Giants : RHP Brian Yinger
|
Batting: LHB Nick Martin
|
0-0: Ball 1-0: Ball 2-0: Called Strike 2-1: DOUBLE (Groundball, 3L, EV 103.1 MPH)
|
Batting: RHB Chris Osting
|
0-0: Foul Ball, location: 2F 0-1: Ball 1-1: Ball 2-1: Fly out, F8 (Line Drive, 78M, EV 110.6 MPH)
|
Batting: SHB Jeff Sorrels
|
0-0: Called Strike 0-1: SINGLE (Groundball, 13S, EV 73.1 MPH) (infield hit) Nick Martin to third
|
Batting: RHB T.J. Williams
|
0-0: Grounds into double play, 6-4-3 (Groundball, 6, EV 80.6 MPH)
|
Bottom of the 3rd over - 0 runs, 2 hits, 0 errors, 1 left on base; San Jose 10 - Colorado (EL) 2 |
TOP OF THE 4TH |
San Jose Giants batting - Pitching for Colorado (EL) Rockies : RHP Michael Conrad
|
Pitching: RHP Lorenzo Pacheco
|
|
Batting: LHB Gil Caraveo
|
0-0: Ground out U3 (Groundball, 3S, EV 76.9 MPH)
|
Batting: RHB Tony Harper
|
0-0: Called Strike 0-1: Ball 1-1: Ground out 6-3 (Groundball, 6, EV 101.2 MPH)
|
Batting: RHB Josh Truell
|
0-0: Foul Ball, location: 2F 0-1: Called Strike 0-2: Ground out 5-3 (Groundball, 15, EV 81.2 MPH)
|
Top of the 4th over - 0 runs, 0 hits, 0 errors, 0 left on base; San Jose 10 - Colorado (EL) 2 |
BOTTOM OF THE 4TH |
Colorado (EL) Rockies batting - Pitching for San Jose Giants : RHP Brian Yinger
|
Batting: RHB Matviy Oliynyk
|
0-0: Called Strike 0-1: Foul Ball, location: 2F 0-2: SINGLE (Groundball, 56, EV 103.8 MPH) (infield hit)
|
Batting: LHB Daniel Green
|
0-0: Ball 1-0: Called Strike 1-1: Ball 2-1: Called Strike 2-2: Fly out, F9 (Flyball, 9S, EV 82.5 MPH)
|
Batting: LHB Harry Folsom
|
0-0: Called Strike Matviy Oliynyk steals 2nd, throwing error, E2 Matviy Oliynyk to third 0-1: Ball 1-1: Ground out 4-3 (Groundball, 4S, EV 89.4 MPH) Matviy Oliynyk scores
|
Batting: RHB Willie Benito
|
0-0: Ball 1-0: Ball 2-0: Foul Ball, location: 2F 2-1: Ball 3-1: Ground out 5-3 (Groundball, 56, EV 93.8 MPH)
|
Bottom of the 4th over - 1 run, 1 hit, 1 error, 0 left on base; San Jose 10 - Colorado (EL) 3 |
TOP OF THE 5TH |
San Jose Giants batting - Pitching for Colorado (EL) Rockies : RHP Lorenzo Pacheco
|
Batting: RHB Bob Schweiger
|
0-0: Called Strike 0-1: Swinging Strike 0-2: Strikes out swinging
|
Batting: RHB Edwin Verdugo
|
0-0: Ball 1-0: Ball 2-0: Ball 3-0: Base on Balls
|
Batting: RHB Frank Pena
|
0-0: Ball Edwin Verdugo steals 2nd base (no throw) 1-0: Fly out, F8 (Flyball, 8RXD, EV 108.1 MPH) Runner from 2nd tags up, SAFE at 3rd, no throw by CF
|
Batting: LHB Mike Roberts
|
0-0: Ball 1-0: Ground out 5-3 (Groundball, 56, EV 88.1 MPH)
|
Top of the 5th over - 0 runs, 0 hits, 0 errors, 1 left on base; San Jose 10 - Colorado (EL) 3 |
BOTTOM OF THE 5TH |
Colorado (EL) Rockies batting - Pitching for San Jose Giants : RHP Brian Yinger
|
Batting: RHB Yamashita Yagi
|
0-0: Ball 1-0: DOUBLE (Flyball, 8LXD, EV 100.0 MPH)
|
Batting: LHB Nick Martin
|
0-0: Ball 1-0: Called Strike 1-1: SINGLE (Line Drive, 9S, EV 92.5 MPH) Yamashita Yagi to third
|
Batting: RHB Chris Osting
|
0-0: Called Strike 0-1: Ball 1-1: Reached on error, E3 (Groundball, 34S, EV 92.5 MPH) Yamashita Yagi scores Nick Martin to second
|
Batting: SHB Jeff Sorrels
|
0-0: SINGLE (Groundball, 34D, EV 104.4 MPH) Nick Martin to third Chris Osting to second Runner from 3rd tries for Home, SAFE, throw by RF to home
|
Pitching: RHP Ricky Fo
|
|
Batting: RHB T.J. Williams
|
0-0: SINGLE (Line Drive, 34D, EV 94.4 MPH) Chris Osting to third Jeff Sorrels to second
|
Batting: RHB Matviy Oliynyk
|
0-0: Foul Ball, location: 2F 0-1: Ball 1-1: Called Strike 1-2: Fielders Choice at 2nd, 4-6 (Groundball, 4, EV 91.2 MPH) Chris Osting scores Jeff Sorrels to third
|
Batting: LHB Daniel Green
|
0-0: Ball 1-0: Called Strike 1-1: Ball 2-1: Foul Ball, location: 2F 2-2: Ball 3-2: Strikes out looking
|
Batting: LHB Harry Folsom
|
0-0: Foul Ball, location: 2F 0-1: Ball 1-1: Ball Matviy Oliynyk steals 2nd base 2-1: Swinging Strike 2-2: Strikes out looking
|
Bottom of the 5th over - 3 runs, 4 hits, 1 error, 2 left on base; San Jose 10 - Colorado (EL) 6 |
TOP OF THE 6TH |
San Jose Giants batting - Pitching for Colorado (EL) Rockies : RHP Lorenzo Pacheco
|
Batting: LHB Steve Nevis
|
0-0: Called Strike 0-1: Ball 1-1: Swinging Strike 1-2: Ground out 6-3 (Groundball, P, EV 88.1 MPH)
|
Batting: RHB Coen Dirks
|
0-0: Ball 1-0: Called Strike 1-1: Ball 2-1: Ball 3-1: Called Strike 3-2: Foul Ball, location: 2F 3-2: Strikes out looking
|
Batting: LHB Gil Caraveo
|
0-0: Foul Ball, location: 2F 0-1: Foul Ball, location: 2F 0-2: SOLO HOME RUN (Flyball, 89XD, EV 110.6 MPH), Distance : 418 ft
|
Batting: RHB Tony Harper
|
0-0: Ball 1-0: Foul Ball, location: 2F 1-1: Foul Ball, location: 2F 1-2: Fly out, F9 (Flyball, 89M, EV 92.5 MPH)
|
Top of the 6th over - 1 run, 1 hit, 0 errors, 0 left on base; San Jose 11 - Colorado (EL) 6 |
BOTTOM OF THE 6TH |
Colorado (EL) Rockies batting - Pitching for San Jose Giants : RHP Ricky Fo
|
Batting: RHB Willie Benito
|
0-0: Ground out 4-3 (Groundball, 4, EV 110.0 MPH)
|
Batting: RHB Yamashita Yagi
|
0-0: Called Strike 0-1: Called Strike 0-2: Strikes out looking
|
Batting: LHB Nick Martin
|
0-0: Foul Ball, location: 2F 0-1: Called Strike 0-2: Foul Ball, location: 2F 0-2: Foul Ball, location: 2F 0-2: Ground out 4-3 (Groundball, 4, EV 82.5 MPH)
|
Bottom of the 6th over - 0 runs, 0 hits, 0 errors, 0 left on base; San Jose 11 - Colorado (EL) 6 |
TOP OF THE 7TH |
San Jose Giants batting - Pitching for Colorado (EL) Rockies : RHP Lorenzo Pacheco
|
Batting: RHB Josh Truell
|
0-0: Called Strike 0-1: Ball 1-1: SINGLE (Line Drive, 6D, EV 96.9 MPH)
|
Pitching: RHP Dane Long
|
|
Batting: RHB Bob Schweiger
|
0-0: Ball 1-0: Ball 2-0: Ball 3-0: Foul Ball, location: 2F 3-1: Called Strike 3-2: Foul Ball, location: 2F 3-2: Strikes out swinging
|
Batting: RHB Edwin Verdugo
|
0-0: Foul Ball, location: 2F 0-1: Fly out, F3 (Popup, 3F, EV 80.6 MPH)
|
Batting: RHB Frank Pena
|
0-0: Fly out, F9 (Flyball, 89S, EV 95.0 MPH)
|
Top of the 7th over - 0 runs, 1 hit, 0 errors, 1 left on base; San Jose 11 - Colorado (EL) 6 |
BOTTOM OF THE 7TH |
Colorado (EL) Rockies batting - Pitching for San Jose Giants : RHP Ricky Fo
|
Batting: RHB Chris Osting
|
0-0: Called Strike 0-1: Foul Ball, location: 2F 0-2: Strikes out swinging
|
Batting: SHB Jeff Sorrels
|
0-0: Ball 1-0: Ball 2-0: Ball 3-0: Called Strike 3-1: Base on Balls
|
Pitching: RHP Sanya Mikushevich
|
|
Batting: RHB T.J. Williams
|
0-0: Called Strike 0-1: Ball 1-1: SINGLE (Groundball, 4D, EV 102.5 MPH) Jeff Sorrels to second Runner from 2nd tries for 3rd, SAFE, throw by RF made to third
|
Batting: RHB Matviy Oliynyk
|
0-0: Called Strike 0-1: Swinging Strike 0-2: Ball 1-2: Grounds out, U3 (Groundball, 3L, EV 83.8 MPH) Jeff Sorrels scores
|
Batting: LHB Daniel Green
|
0-0: Foul Ball, location: 2F 0-1: Foul Ball, location: 2F 0-2: Ball 1-2: DOUBLE (Line Drive, 78D, EV 106.2 MPH) T.J. Williams scores
|
Batting: LHB Harry Folsom
|
0-0: Ball 1-0: Called Strike 1-1: SINGLE (Line Drive, 4MD, EV 98.8 MPH) Daniel Green to third
|
Batting: RHB Willie Benito
|
0-0: Called Strike 0-1: SINGLE (Groundball, 4S, EV 68.1 MPH) (infield hit) Daniel Green scores Harry Folsom to second
|
Batting: RHB Yamashita Yagi
|
0-0: Called Strike 0-1: Swinging Strike 0-2: Strikes out swinging
|
Bottom of the 7th over - 3 runs, 4 hits, 0 errors, 2 left on base; San Jose 11 - Colorado (EL) 9 |
TOP OF THE 8TH |
San Jose Giants batting - Pitching for Colorado (EL) Rockies : RHP Dane Long
|
Pitching: LHP Kyle Mearkle
|
|
Batting: LHB Mike Roberts
|
0-0: Foul Ball, location: 2F 0-1: Foul Ball, location: 2F 0-2: Foul Ball, location: 2F 0-2: Strikes out swinging
|
Batting: LHB Steve Nevis
|
0-0: Called Strike 0-1: DOUBLE (Groundball, 5L, EV 103.8 MPH)
|
Batting: RHB Coen Dirks
|
0-0: Intentional Walk
|
Batting: LHB Gil Caraveo
|
0-0: Foul Ball, location: 2F 0-1: Swinging Strike 0-2: Strikes out looking
|
Batting: RHB Tony Harper
|
0-0: Called Strike 0-1: Called Strike 0-2: Strikes out swinging
|
Top of the 8th over - 0 runs, 1 hit, 0 errors, 2 left on base; San Jose 11 - Colorado (EL) 9 |
BOTTOM OF THE 8TH |
Colorado (EL) Rockies batting - Pitching for San Jose Giants : RHP Sanya Mikushevich
|
Pitching: RHP Nick McDade
|
|
Batting: LHB Nick Martin
|
0-0: Ball 1-0: Ball 2-0: Ground out 6-3 (Groundball, 6, EV 99.4 MPH)
|
Batting: RHB Chris Osting
|
0-0: Called Strike 0-1: Ball 1-1: Foul Ball, location: 2F 1-2: Strikes out swinging
|
Batting: SHB Jeff Sorrels
|
0-0: Called Strike 0-1: Foul Ball, location: 2F 0-2: Strikes out swinging
|
Bottom of the 8th over - 0 runs, 0 hits, 0 errors, 0 left on base; San Jose 11 - Colorado (EL) 9 |
TOP OF THE 9TH |
San Jose Giants batting - Pitching for Colorado (EL) Rockies : LHP Kyle Mearkle
|
Batting: RHB Josh Truell
|
0-0: Fly out, F8 (Line Drive, 8RD, EV 89.4 MPH)
|
Batting: RHB Bob Schweiger
|
0-0: Called Strike 0-1: Ball 1-1: Called Strike 1-2: Strikes out swinging
|
Batting: RHB Edwin Verdugo
|
0-0: Fly out, F9 (Flyball, 9LM, EV 83.1 MPH)
|
Top of the 9th over - 0 runs, 0 hits, 0 errors, 0 left on base; San Jose 11 - Colorado (EL) 9 |
BOTTOM OF THE 9TH |
Colorado (EL) Rockies batting - Pitching for San Jose Giants : RHP Nick McDade
|
Batting: RHB T.J. Williams
|
0-0: Called Strike 0-1: Ground out 6-3 (Groundball, 6M, EV 89.4 MPH)
|
Batting: RHB Matviy Oliynyk
|
0-0: Fly out, F4 (Popup, 34, EV 65.6 MPH)
|
Batting: LHB Daniel Green
|
0-0: Swinging Strike 0-1: Ball 1-1: Ball 2-1: Foul Ball, location: 2F 2-2: Foul Ball, location: 2F 2-2: Foul Ball, location: 2F 2-2: Fly out, F8 (Line Drive, 78M, EV 92.5 MPH)
|
Bottom of the 9th over - 0 runs, 0 hits, 0 errors, 0 left on base; San Jose 11 - Colorado (EL) 9 |
|